 Dungeon Crawl Stone Soup version 0.24.0-37-gcf1ca852f1 (webtiles) character file.

Game seed: 1131092864297980428, levelgen mode: deterministic

183 H0rd4k the Charlatan (level 5, -5/37 HPs)
             Began as a Human Artificer on Dec 5, 2019.
             Slain by an orc
             ... wielding a +0 war axe
              (9 damage)
             ... on level 4 of the Dungeon.
             The game lasted 00:05:19 (3740 turns).

H0rd4k the Charlatan (Human Artificer)              Turns: 3740, Time: 00:05:19

Health: -5/37      AC:  5    Str: 13    XL:     5   Next: 94%
Magic:  7/7        EV: 12    Int: 12    God:
Gold:   81         SH:  0    Dex: 13    Spells: 4/4 levels left

rFire    . . .     SeeInvis .   a - +0 short sword
rCold    . . .     Gourm    .   (no shield)
rNeg     . . .     Faith    .   b - +0 leather armour
rPois    .         Spirit   .   g - +1 helmet
rElec    .         Reflect  .   (no cloak)
rCorr    .         Harm     .   (no gloves)
MR       .....                  (no boots)
Stlth    ++........             (no amulet)
HPRegen  0.12/turn              (no ring)
MPRegen  0.10/turn              (no ring)

@: no status effects
A: no striking features
a: no special abilities


You were on level 4 of the Dungeon.
You were hungry.

You visited 1 branch of the dungeon, and saw 4 of its levels.

You collected 81 gold pieces.

Inventory:

Hand Weapons
 a - a +0 short sword (weapon)
Armour
 b - a +0 leather armour (worn)
 g - a +1 helmet (worn)
Wands
 d - a wand of enslavement (15)
 e - a wand of random effects (2)
Scrolls
 i - a scroll of blinking {unknown}
 k - 3 scrolls of identify {unknown}
 n - a scroll of magic mapping {unknown}
 o - a scroll of enchant weapon {unknown}
 p - a scroll of random uselessness {unknown}
Potions
 c - 2 potions of curing {unknown}
 h - a potion of invisibility {unknown}
 j - a potion of might {unknown}
 l - a potion of flight {unknown}
 m - 2 potions of heal wounds {unknown}
Comestibles
 f - 6 rations


   Skills:
 + Level 1.5 Fighting
 + Level 3.1 Short Blades
 + Level 2.1 Armour
 + Level 2.6 Dodging
 + Level 1.6 Stealth
 + Level 3.7 Evocations


You had 4 spell levels left.
You didn't know any spells.
Your spell library was empty.

Dungeon Overview and Level Annotations

Branches:
Dungeon (4/15)
 Temple: D:4-7

Altars:
Elyvilon
Yredelemnul

Annotations:
D:1 exclusion: downstairs
D:2 exclusion: downstairs, Terence
D:3 exclusion: upstairs
D:4 1 runed translucent door, exclusion: upstairs, diiiiiane's ghost, amateur OpAs


Message History

The orc barely misses you. The orc hits you but does no damage.
You hit the orc.
You kill the orc!
The orc hits you but does no damage.
You hit the orc but do no damage. The orc hits you with a +0 war axe.
* * * LOW HITPOINT WARNING * * *
You closely miss the orc. The orc barely misses you.
You barely miss the orc. The orc hits you with a +0 war axe.
* * * LOW HITPOINT WARNING * * *
You closely miss the orc. The orc closely misses you.
You hit the orc.
The orc is heavily wounded.
You closely miss the orc.
The orc is heavily wounded.
The orc hits you with a +0 war axe.
* * * LOW HITPOINT WARNING * * *
You closely miss the orc.
The orc is heavily wounded.
The orc hits you with a +0 war axe!
You die...

#≈W≈# #.# #≈≈≈# #.
#.# #S≈≈# #.# #.#
#≈rr# ##.## #.# #WS≈#
##...# #.# ##+##
#.... ##.###...# #...
#
#...##..#######.##.#o
#...@o..)...)......o.
#...###########.##...
##### #.# ## #.# #.#
#.# ######.###
#........# #.####.#.#


You could see an orc.

Vanquished Creatures
  An orc wizard (D:2)
  A worker ant (D:2)
  4 adders
  A howler monkey skeleton (D:4)
  3 worms
  3 dart slugs
  2 leopard geckos (D:2)
  8 orcs
  6 bats
  4 giant cockroaches
  4 goblins (D:1)
  6 hobgoblins
  5 jackals (D:3)
  8 kobolds
  A quokka (D:3)
  A ball python (D:3)
  4 frilled lizards
  4 rats
66 creatures vanquished.

Notes
Turn   | Place    | Note
-------+----------+-------------------------------------------
     0 | D:1      | H0rd4k the Human Artificer began the quest for the Orb.
     0 | D:1      | Reached XP level 1. HP: 15/15 MP: 3/3
   152 | D:1      | Reached XP level 2. HP: 9/21 MP: 4/4
   398 | D:1      | Reached XP level 3. HP: 18/26 MP: 5/5
  1037 | D:2      | Noticed Terence
  1264 | D:2      | Reached XP level 4. HP: 22/32 MP: 6/6
  1306 | D:2      | Reached skill level 1 in Armour
  1447 | D:2      | Found a basalt altar of Yredelemnul.
  1908 | D:3      | Reached XP level 5. HP: 31/37 MP: 7/7
  2903 | D:3      | Found a white marble altar of Elyvilon.
  3120 | D:3      | Found a faded altar of an unknown god.
  3705 | D:4      | Found a runed translucent door.
  3721 | D:4      | Noticed diiiiiane's ghost (amateur OpAs)
  3740 | D:4      | Slain by an orc

Levels and vault maps discovered:
D:1:      dpeg_arrival_tiny_a, layout_loops_ring
D:2:      layout_loops_ring, yredelemnul_altar_generic, first_ration,
          serial_rivers, chequers_serial_rivers_micro_c,
          chequers_serial_rivers_room_b, chequers_serial_rivers_micro_e,
          chequers_serial_rivers_micro_e, chequers_serial_rivers_micro_d,
          uniq_terence
D:3:      layout_basic, lemuel_round_altar, chequers_ecumenical_altar_twisty,
          amethyst_killhole, serial_bayou_crossing
D:4:      layout_loops_corners, dancing_weapons_uskayaw, ebering_ghost_sewer_f,
          uniq_natasha, uniq_crazy_yiuf_cottage, uniq_menkaure

Skill      XL: |  1  2  3  4  5 |
---------------+----------------+-----
Short Blades   | 2 3 |  3.1
Armour         | 1 2 |  2.1
Fighting       | |  1.5
Dodging        | |  2.6
Stealth        | |  1.6
Evocations     | |  3.7

Action                   |  1- 3 |  4- 6 || total
-------------------------+-------+-------++-------
Melee: Short sword       |   107 |   262 ||   369
Evoke: Wand              |    11 |    17 ||    28
 Stab: Sleeping          |     1 |       ||     1
       Distracted        |       |     1 ||     1
  Eat: Ration            |       |     1 ||     1
       Chunk             |       |     5 ||     5
Armor: Leather armour    |    33 |    60 ||    93
Dodge: Dodged            |    74 |   149 ||   223
